[Event "Titled Tuesday Blitz November 15 Late 2022"]
[White "Hoffmann, Asa"]
[Black "Vlassov, Nikolai"]
[WhiteFideId "2001470"]
[BlackFideId "4103360"]
[WhiteElo "2117"]
[BlackElo "2324"]
[Result "1/2-1/2"]
[Round "11"]
[TimeControl "180+1"]
[Date "2022.11.16"]
[WhiteClock "0:00:38"]
[BlackClock "0:00:04"]

1. d4 Nf6 2. Bg5 e6 3. Nd2 h6 4. Bh4 c5 5. e3 b6 6. Ngf3 Bb7 7. Bd3 g5 8. Bg3 g4 9. Nh4 Be7 10. O-O Rg8 11. e4 Nh5 12. Nhf3 gxf3 13. Qxf3 Nf6 14. c3 cxd4 15. cxd4 Nc6 16. d5 Nd4 17. Qe3 Bc5 18. Qxh6 Ng4 19. Qh7 Qg5 20. Nf3 Nxf3+ 21. gxf3 Nf6 22. Qh3 Nh5 23. Rad1 O-O-O 24. Bb5 Nf4 25. Qg4 Qxg4 26. fxg4 Rxg4 27. Rc1 Kb8 28. Rfd1 exd5 29. exd5 Bd6 30. Re1 Bxd5 31. Rcd1 Nh3+ 32. Kf1 Bxg3 33. hxg3 Bc4+ 34. Bxc4 Rxc4 35. Rd5 Rc2 36. Re2 Rxe2 37. Kxe2 Ng1+ 38. Ke3 Re8+ 39. Kf4 Kc7 40. Rf5 Ne2+ 41. Kg5 Re7 42. Kf6 Kd8 43. g4 Ke8 44. g5 Re6+ 45. Kg7 Nd4 46. Rxf7 Re7 47. g6 Ne6+ 48. Kf6 Rxf7+ 49. gxf7+ Kf8 50. f4 Nd8 51. Ke5 Nxf7+ 52. Kd5 Ke7 53. f5 Nh6 54. f6+ Kxf6 55. Kd6 Nf5+ 56. Kxd7 Ke5 57. Kc6 Kd4 58. Kb7 Nd6+ 59. Kxa7 Kc5 60. Ka6 Ne8 61. a4 Kc6 62. b4 Nc7+ 63. Ka7 Nd5 64. b5+ Kc7 65. Ka6 Nb4+ 66. Ka7 Nd5 67. Ka6 Nb4+ 68. Ka7 Nd5 1/2-1/2


[Site "https://www.chess.com"]

[Event "Titled Tuesday Blitz November 15 Late 2022"]
[White "Ibarra Jerez, Jose Carlos"]
[Black "Kamsky, Gata"]
[WhiteFideId "2226332"]
[BlackFideId "2000024"]
[WhiteElo "2638"]
[BlackElo "2666"]
[Result "1-0"]
[Round "11"]
[TimeControl "180+1"]
[Date "2022.11.15"]
[WhiteClock "0:00:05"]
[BlackClock "0:00:10"]

1. e4 c6 2. Nf3 d5 3. d3 Bg4 4. h3 Bxf3 5. Qxf3 e6 6. g3 Bc5 7. Bg2 Nd7 8. O-O h5 9. exd5 cxd5 10. c4 Ngf6 11. Nc3 h4 12. g4 Nb6 13. g5 Nfd7 14. cxd5 O-O 15. dxe6 Ne5 16. Qh5 g6 17. Qxh4 fxe6 18. Qe4 Rf5 19. Bf4 Nxd3 20. Qxe6+ Kg7 21. Bg3 Qe8 22. Qxe8 Rxe8 23. Ne4 Rxe4 24. Bxe4 Rxg5 25. Kh2 Nxb2 26. h4 Rh5 27. Bf3 Rf5 28. Be4 Rh5 29. Rac1 N6c4 30. Rc2 b5 31. Re1 Bd4 32. Bf3 Rf5 33. Bg4 Rf6 34. Re7+ Rf7 35. Re4 Bf6 36. h5 Nd3 37. hxg6 Kxg6 38. a4 a6 39. axb5 axb5 40. Re6 Kg5 41. Bh3 Nf4 42. Bxf4+ Kxf4 43. Rc6 Bd4 44. Re2 Ne5 45. Rd6 Nf3+ 46. Kh1 Rg7 47. Rxd4+ Nxd4 48. Re1 Nf3 49. Rb1 Rh7 50. Kg2 Rg7+ 51. Kh1 Rh7 52. Rb4+ Ke5 53. Rxb5+ Kf4 54. Rb4+ Ke5 55. Kg2 Ne1+ 56. Kg3 Rg7+ 57. Bg4 Nd3 58. f4+ Kd5 59. Ra4 Nf2 60. Kxf2 Rxg4 61. Kf3 Rg1 62. Ra6 Kd4 63. Rd6+ Kc5 64. Rd8 Kc6 65. f5 Kc7 66. Rd2 Rg7 67. Kf4 Rd7 68. Rxd7+ Kxd7 69. Kg5 Ke7 70. Kg6 1-0


[Site "https://www.chess.com"]

[Event "Titled Tuesday Blitz November 15 Late 2022"]
[White "Indjic, Aleksandar"]
[Black "Har-Zvi, Ronen"]
[WhiteFideId "911925"]
[BlackFideId "2801485"]
[WhiteElo "2592"]
[BlackElo "2523"]
[Result "0-1"]
[Round "11"]
[TimeControl "180+1"]
[Date "2022.11.15"]
[WhiteClock "0:00:03"]
[BlackClock "0:00:07"]

1. d4 d5 2. c4 dxc4 3. Nf3 Nf6 4. Qa4+ c6 5. Qxc4 b5 6. Qc2 Bb7 7. e4 e6 8. a4 a6 9. Bd3 Nbd7 10. O-O Be7 11. Bg5 Rc8 12. Nbd2 c5 13. axb5 cxd4 14. Qb1 axb5 15. Bxb5 O-O 16. Re1 h6 17. Bh4 e5 18. Bg3 Bd6 19. Nc4 Bb8 20. Ncxe5 Nxe5 21. Nxe5 Rc5 22. Nxf7 Rxf7 23. Ba4 Bxg3 24. hxg3 Re7 25. b4 Rc3 26. e5 Ng4 27. Qf5 Qd5 28. f3 Ne3 29. Qf4 Nxg2 30. Qe4 Qxe4 31. Rxe4 Bxe4 32. fxe4 Ne3 33. Bb5 Rxe5 0-1


[Site "https://www.chess.com"]

[Event "Titled Tuesday Blitz November 15 Late 2022"]
[White "Janaszak, Dawid"]
[Black "Kuzmicz, Krystian"]
[WhiteFideId "1119206"]
[BlackFideId "1119125"]
[WhiteElo "2226"]
[BlackElo "2380"]
[Result "1-0"]
[Round "11"]
[TimeControl "180+1"]
[Date "2022.11.15"]
[WhiteClock "0:00:11"]
[BlackClock "0:00:05"]

1. e4 c5 2. Nc3 a6 3. d4 cxd4 4. Qxd4 Nc6 5. Qd2 g6 6. b3 Nf6 7. Bb2 Bg7 8. O-O-O O-O 9. f3 d6 10. h4 Be6 11. Nge2 a5 12. Nf4 Bd7 13. h5 Ne5 14. hxg6 fxg6 15. a4 Qe8 16. Nfd5 Nxd5 17. Nxd5 Qf7 18. Nb6 Rad8 19. Nxd7 Rxd7 20. Qxa5 Rc8 21. Kb1 Rdc7 22. Rc1 Kh8 23. Qd5 Qf8 24. Bb5 Bh6 25. Rxh6 Qxh6 26. g3 Qh2 27. Bxe5+ dxe5 28. Qxe5+ Kg8 29. Bc4+ Rxc4 30. bxc4 Rc6 31. c5 Qd2 32. Qd5+ Qxd5 33. exd5 Rxc5 34. c4 Ra5 35. Kb2 Rxa4 36. Kb3 Ra8 37. Kb4 Kf7 38. Kb5 Ra3 39. c5 Ke8 40. Kb6 Rb3+ 41. Kc7 h5 42. Re1 Kf7 43. Kd7 Rxf3 44. Rxe7+ Kf6 45. d6 Rc3 46. Ke8 Rxc5 47. d7 Rd5 48. d8=Q Rxd8+ 49. Kxd8 Kf5 50. Rxb7 Kg4 51. Rg7 g5 52. Ke7 1-0


[Site "https://www.chess.com"]

[Event "Titled Tuesday Blitz November 15 Late 2022"]
[White "Jones, Gawain C B"]
[Black "Rustemov, Alexander"]
[WhiteFideId "409561"]
[BlackFideId "4119002"]
[WhiteElo "2657"]
[BlackElo "2830"]
[Result "0-1"]
[Round "11"]
[TimeControl "180+1"]
[Date "2022.11.15"]
[WhiteClock "0:00:02"]
[BlackClock "0:01:10"]

1. e4 e6 2. d4 d5 3. Nd2 dxe4 4. Nxe4 Bd7 5. Nf3 Bc6 6. Neg5 Nd7 7. Bc4 h6 8. Nxf7 Kxf7 9. O-O Bd5 10. Bd3 Qf6 11. Nd2 Ne7 12. c4 Bc6 13. b4 Qxd4 14. Nb3 Qd6 15. b5 Ne5 16. bxc6 Qxd3 17. cxb7 Rb8 18. Qh5+ N5g6 19. Na5 Nf5 20. Be3 Bb4 21. Rfd1 Qe4 22. Rd7+ Kf6 23. Bxa7 Bxa5 24. Bxb8 Rxb8 25. g4 Nfh4 26. f3 Qe3+ 0-1


[Site "https://www.chess.com"]

[Event "Titled Tuesday Blitz November 15 Late 2022"]
[White "Joubert, Dantelle"]
[Black "Rodriguez Santiago, Jaime"]
[WhiteFideId "14310813"]
[BlackFideId "3100898"]
[WhiteElo "1507"]
[BlackElo "2025"]
[Result "1-0"]
[Round "11"]
[TimeControl "180+1"]
[Date "2022.11.16"]
[WhiteClock "0:00:35"]
[BlackClock "0:01:03"]

1. d4 d5 2. c4 c6 3. Nc3 Nf6 4. e3 e6 5. Nf3 Nbd7 6. Be2 dxc4 7. a4 b5 8. axb5 cxb5 9. Nxb5 Bb4+ 10. Nc3 O-O 11. O-O Bb7 12. Bxc4 a5 13. Be2 Nb6 14. Ne5 Rc8 15. Bd2 Nfd7 16. Nxd7 Qxd7 17. Bf3 Ba6 18. Be2 Bb7 19. Nb5 Qd5 20. f3 Bxd2 21. Qxd2 Nc4 22. Bxc4 Rxc4 23. Rxa5 h5 24. Na3 Qc6 25. Nxc4 Qxc4 26. Rc1 Qb3 27. Qc3 Qb6 28. Rxh5 Rc8 29. Rc5 Rb8 30. Qc2 g6 31. Qc3 Bd5 32. Rc8+ Kg7 33. Rxb8 Qxb8 34. e4 Bb7 35. d5+ Kh7 36. dxe6 1-0


[Site "https://www.chess.com"]

[Event "Titled Tuesday Blitz November 15 Late 2022"]
[White "Kaufman, Raymond"]
[Black "Adewumi, Tanitoluwa"]
[WhiteFideId "2015056"]
[BlackFideId "30966396"]
[WhiteElo "2321"]
[BlackElo "2530"]
[Result "1-0"]
[Round "11"]
[TimeControl "180+1"]
[Date "2022.11.16"]
[WhiteClock "0:01:05"]
[BlackClock "0:00:01"]

1. e4 c5 2. Nf3 e6 3. d4 cxd4 4. Nxd4 Nc6 5. Nc3 Qc7 6. g4 a6 7. Be3 b5 8. Nxc6 dxc6 9. Qf3 e5 10. O-O-O Nf6 11. g5 Nd7 12. Bh3 Nc5 13. Bxc8 Rxc8 14. h4 Ne6 15. h5 a5 16. g6 hxg6 17. hxg6 Rxh1 18. Rxh1 fxg6 19. Qg4 Qf7 20. Rh3 Kd7 21. Kb1 Re8 22. Rf3 Qe7 23. Qxg6 Qh4 24. Rg3 a4 25. a3 Qh1+ 26. Rg1 Qh3 27. Rd1+ Kc7 28. Qxe8 Qf3 29. Rd7# 1-0


[Site "https://www.chess.com"]

[Event "Titled Tuesday Blitz November 15 Late 2022"]
[White "Khandelwal, Ankush"]
[Black "Quirke, Jeffrey"]
[WhiteFideId "413470"]
[BlackFideId "2013029"]
[WhiteElo "2271"]
[BlackElo "2244"]
[Result "1-0"]
[Round "11"]
[TimeControl "180+1"]
[Date "2022.11.16"]
[WhiteClock "0:00:54"]
[BlackClock "0:00:14"]

1. e4 c5 2. Nf3 Nc6 3. d4 cxd4 4. Nxd4 Nf6 5. Nc3 d6 6. Bg5 e6 7. Qd2 Bd7 8. O-O-O a6 9. Kb1 Nxd4 10. Qxd4 b5 11. f3 Be7 12. g4 Qc7 13. h4 O-O 14. h5 h6 15. Bc1 Nh7 16. f4 Rfc8 17. g5 b4 18. gxh6 Bf6 19. e5 dxe5 20. fxe5 Bxe5 21. Qxd7 bxc3 22. b3 Nf6 23. Qxc7 Rxc7 24. hxg7 Ne4 25. Bg2 f5 26. h6 Kh7 27. Rde1 Bg3 28. Rxe4 1-0


[Site "https://www.chess.com"]

[Event "Titled Tuesday Blitz November 15 Late 2022"]
[White "Kirillov, Dmitry"]
[Black "Kopylov, Alexander A."]
[WhiteFideId "34180572"]
[BlackFideId "4164857"]
[WhiteElo "2095"]
[BlackElo "2436"]
[Result "0-1"]
[Round "11"]
[TimeControl "180+1"]
[Date "2022.11.16"]
[WhiteClock "0:00:02"]
[BlackClock "0:01:05"]

1. e4 e5 2. Nf3 Nc6 3. d4 exd4 4. c3 d5 5. exd5 Qxd5 6. cxd4 Bb4+ 7. Nc3 Bg4 8. Be2 Bxf3 9. Bxf3 Qc4 10. Bxc6+ Qxc6 11. O-O O-O-O 12. d5 Qg6 13. Be3 Nf6 14. Qa4 Bxc3 15. bxc3 Nxd5 16. Qxa7 Qa6 17. Qd4 Nxe3 18. Qxe3 Rhe8 19. Qh3+ Qe6 20. Qxh7 g6 21. Qh4 Rd5 22. Qa4 Kb8 23. h3 Rg5 24. Rfe1 Qxe1+ 25. Rxe1 Rxe1+ 26. Kh2 Rf5 27. Qb4 b6 28. f3 Re2 29. h4 Rxa2 30. Kh3 Rc2 31. Qb3 Rc1 32. Qb2 Rh1+ 33. Kg3 Rd1 34. c4 Rd6 35. Qh8+ Kb7 36. Qc3 Rc6 37. Qd3 Rfc5 38. Qd7 f5 39. h5 gxh5 40. Kh4 f4 41. Qf7 Rxc4 42. Qxh5 R6c5 43. Qf7 b5 44. Kg4 b4 45. Qg6 b3 46. Qb1 Rb4 47. g3 b2 48. gxf4 Rc1 49. Qe4+ Rxe4 0-1


[Site "https://www.chess.com"]

[Event "Titled Tuesday Blitz November 15 Late 2022"]
[White "Kleiman, Jake"]
[Black "Bilan, Danila"]
[WhiteFideId "2020041"]
[BlackFideId "24161918"]
[WhiteElo "2591"]
[BlackElo "2173"]
[Result "1-0"]
[Round "11"]
[TimeControl "180+1"]
[Date "2022.11.16"]
[WhiteClock "0:00:12"]
[BlackClock "0:00:01"]

1. e4 c6 2. Nc3 d5 3. Qe2 d4 4. Nd1 e5 5. d3 Bb4+ 6. c3 dxc3 7. bxc3 Bc5 8. Nf3 Qc7 9. Rb1 Bg4 10. Ne3 Bh5 11. Nf5 Bf8 12. Ng3 Bg4 13. h3 Be6 14. Qb2 b6 15. d4 Nd7 16. Ng5 Qd6 17. Nxe6 Qxe6 18. Be2 Ngf6 19. O-O Bd6 20. Nf5 O-O 21. f3 Bc7 22. Qb3 exd4 23. cxd4 Qxb3 24. axb3 c5 25. Be3 cxd4 26. Bxd4 Be5 27. Be3 g6 28. Nd4 Rac8 29. Rfc1 Nh5 30. Nc6 Ra8 31. Nxe5 Nxe5 32. f4 Nd7 33. Bxh5 gxh5 34. e5 Rfc8 35. Kf2 b5 36. Rxc8+ Rxc8 37. Bxa7 Rc2+ 38. Kf3 Nf8 39. f5 Nd7 40. Bd4 Rd2 41. Ke4 Rxg2 42. Ra1 Nf8 43. Ra8 Kg7 44. e6+ f6 45. e7 Re2+ 46. Be3 Nd7 47. e8=Q 1-0


[Site "https://www.chess.com"]

[Event "Titled Tuesday Blitz November 15 Late 2022"]
[White "Korchmar, Vasiliy"]
[Black "Ter-Sahakyan, Samvel"]
[WhiteFideId "24131750"]
[BlackFideId "13302531"]
[WhiteElo "2370"]
[BlackElo "2584"]
[Result "0-1"]
[Round "11"]
[TimeControl "180+1"]
[Date "2022.11.15"]
[WhiteClock "0:00:01"]
[BlackClock "0:00:08"]

1. e4 c6 2. d4 d5 3. e5 Bf5 4. c4 e6 5. Nc3 Bb4 6. cxd5 cxd5 7. Ne2 Ne7 8. Ng3 Nbc6 9. Be3 Qa5 10. Qd2 Rc8 11. Rc1 O-O 12. Be2 Bxc3 13. bxc3 Qa3 14. O-O Na5 15. Bg5 Nc4 16. Qf4 Ng6 17. Qf3 h6 18. Nxf5 hxg5 19. Bxc4 Rxc4 20. Nd6 Rc6 21. Nxb7 Nf4 22. Nc5 Rfc8 23. h4 Ng6 24. hxg5 Nxe5 25. Qh5 Ng6 26. g3 Rxc5 27. dxc5 Qxc5 28. Kg2 Qc4 29. Qf3 a5 30. Rb1 Ne5 31. Qf4 Qxf4 32. gxf4 Nd3 33. Kg3 Kh7 34. Rfd1 Nc5 35. f3 Kg6 36. Rb5 a4 37. Ra5 Nd7 38. Ra7 Nb6 39. Rb1 Nc4 40. Rbb7 Nd6 41. Rc7 Rb8 42. Rd7 Nf5+ 43. Kg2 Rb2+ 44. Kf1 Rxa2 45. Rxf7 a3 46. Rfb7 Ne3+ 47. Ke1 Nf5 48. Kd1 Kh5 49. Kc1 Kh4 50. Kb1 Rf2 51. Rxa3 Rxf3 52. Ra4 Kg4 53. Rb6 Re3 54. Raa6 Kxf4 55. Rxe6 Rxc3 56. g6 d4 57. Ra7 Rc5 58. Rd7 Kg5 0-1


[Site "https://www.chess.com"]

[Event "Titled Tuesday Blitz November 15 Late 2022"]
[White "Kumala, Aleksander"]
[Black "Brown, Andrew"]
[WhiteFideId "1141880"]
[BlackFideId "3206513"]
[WhiteElo "2269"]
[BlackElo "2245"]
[Result "0-1"]
[Round "11"]
[TimeControl "180+1"]
[Date "2022.11.16"]
[WhiteClock "0:01:13"]
[BlackClock "0:01:02"]

1. d4 g6 2. e4 Bg7 3. c3 c6 4. h4 h5 5. g4 hxg4 6. Qxg4 d5 7. Qg2 dxe4 8. Qxe4 Nf6 9. Qg2 c5 10. dxc5 Nc6 11. Be2 Bf5 12. h5 Be4 13. Bf3 Bxf3 14. Nxf3 Qd5 15. h6 O-O-O 16. Qh3+ e6 17. Kf1 Bxh6 18. Bxh6 Rxh6 19. Qxh6 Qxf3 20. Nd2 Rxd2 21. Qxd2 Qxh1+ 22. Ke2 Qxa1 23. b4 Ne4 24. Qh6 Qxa2+ 25. Kd3 Nxf2+ 26. Ke3 Ng4+ 0-1


[Site "https://www.chess.com"]

[Event "Titled Tuesday Blitz November 15 Late 2022"]
[White "Madaminov, Mukhiddin"]
[Black "Deac, Bogdan-Daniel"]
[WhiteFideId "14210703"]
[BlackFideId "1226380"]
[WhiteElo "2341"]
[BlackElo "2648"]
[Result "0-1"]
[Round "11"]
[TimeControl "180+1"]
[Date "2022.11.15"]
[WhiteClock "0:00:03"]
[BlackClock "0:00:23"]

1. d4 Nf6 2. Nc3 d5 3. Bf4 c5 4. e4 Nxe4 5. Nxe4 dxe4 6. dxc5 Qa5+ 7. c3 Qxc5 8. Qa4+ Nc6 9. Qxe4 e5 10. Be3 Qd6 11. Nf3 Qg6 12. Qa4 Bd6 13. O-O-O O-O 14. Bd3 f5 15. Ng5 Be7 16. h4 h6 17. Bc4+ Kh8 18. g3 f4 19. gxf4 exf4 20. Bd4 Nxd4 21. Rxd4 f3 22. Nf7+ Kh7 23. h5 Qf6 24. Re1 Rxf7 25. Qe8 Qg5+ 26. Kd1 Rf8 27. Qxe7 Bf5 28. Re5 Qg1+ 29. Re1 Qxf2 30. Rd2 Rad8 31. Bd5 Rxd5 0-1


[Site "https://www.chess.com"]

[Event "Titled Tuesday Blitz November 15 Late 2022"]
[White "Melian, Juan Sebastian"]
[Black "Petrovic, Aleksa"]
[WhiteFideId "3706575"]
[BlackFideId "967629"]
[WhiteElo "2044"]
[BlackElo "2224"]
[Result "1-0"]
[Round "11"]
[TimeControl "180+1"]
[Date "2022.11.16"]
[WhiteClock "0:00:01"]
[BlackClock "0:00:02"]

1. d4 e6 2. c4 Nf6 3. Nc3 Bb4 4. Qc2 O-O 5. Nf3 c5 6. dxc5 Bxc5 7. Bg5 Be7 8. e3 d6 9. Rd1 Nbd7 10. Be2 a6 11. O-O b6 12. Nd4 Bb7 13. e4 Rc8 14. b3 Qc7 15. Qb1 b5 16. Rc1 b4 17. Na4 Bxe4 18. Bd3 Bxd3 19. Qxd3 Ne5 20. Qe2 h6 21. Bh4 Nc6 22. Nc2 Qa5 23. Rfe1 Qh5 24. Qxh5 Nxh5 25. Bxe7 Nxe7 26. Nxb4 a5 27. Nd3 d5 28. c5 Nf6 29. f3 Nd7 30. a3 Nc6 31. Rb1 Rb8 32. b4 axb4 33. axb4 Nd4 34. Nc3 Ra8 35. Rec1 Ra3 36. Kf2 Rfa8 37. b5 Rc8 38. b6 Nc6 39. Ra1 Rb3 40. Rab1 Ra3 41. Rc2 d4 42. b7 Rb8 43. Ne4 Rxd3 44. Nd6 Rc3 45. Rd2 Nxc5 46. h4 e5 47. Kg3 e4 48. Kh2 e3 49. Re2 1-0


[Site "https://www.chess.com"]

[Event "Titled Tuesday Blitz November 15 Late 2022"]
[White "Mendonca, Mateus Nakajo"]
[Black "Hambleton, Aman"]
[WhiteFideId "2110954"]
[BlackFideId "2606577"]
[WhiteElo "2310"]
[BlackElo "2538"]
[Result "1/2-1/2"]
[Round "11"]
[TimeControl "180+1"]
[Date "2022.11.15"]
[WhiteClock "0:00:04"]
[BlackClock "0:00:02"]

1. d4 Nf6 2. Nf3 e6 3. g3 b5 4. a4 b4 5. c4 bxc3 6. bxc3 c5 7. Ba3 Qc7 8. Bg2 Bb7 9. O-O Be7 10. Nbd2 O-O 11. Nc4 Ne4 12. Qc2 d5 13. Nce5 Nd7 14. Nxd7 Qxd7 15. Ne5 Qc7 16. Nd3 cxd4 17. Bxe7 Qxe7 18. cxd4 Rfc8 19. Qb2 Nd6 20. Nc5 Bc6 21. Rab1 Be8 22. e3 h5 23. h4 Rc7 24. Qe2 g6 25. Rb4 Rac8 26. Rfb1 Kg7 27. Bf1 Qf6 28. Rb8 Qd8 29. Rxc8 Rxc8 30. Qa6 Rb8 31. Rc1 Qe7 32. Qd3 Rb4 33. a5 Bb5 34. Qc3 Bxf1 35. Qxb4 Bc4 36. Nb7 Qxb7 37. Qxd6 Qb2 38. Qe5+ Kg8 39. Re1 a6 40. Qc7 Qb4 41. Rc1 Qb2 42. Rxc4 dxc4 43. Qxc4 Qb1+ 44. Kh2 Qe1 45. Qa2 Kg7 46. Kg2 Qb4 47. Qa1 Kg8 48. e4 Qb7 49. Qe1 Qb3 50. Qd2 Qb7 51. d5 exd5 52. exd5 Kf8 53. Kh2 Ke7 54. Qd4 Qd7 55. Qe5+ Kd8 56. Qb8+ Qc8 57. Qb6+ Kd7 58. d6 Qc6 59. Qa7+ Kxd6 60. Qxf7 Kc5 61. Qe7+ Kb5 62. Qd8 Ka4 63. Kh3 Qb5 64. g4 hxg4+ 65. Kxg4 Qf5+ 66. Kg3 Qxa5 67. Qd4+ Qb4 68. Qd7+ Ka3 69. f4 Qb3+ 70. Kg4 a5 71. Kg5 a4 72. Kxg6 Qc2+ 73. f5 Kb2 74. Qb5+ Kc1 75. Qf1+ Kb2 76. Qb5+ Kc1 77. Qf1+ Kb2 78. Qb5+ 1/2-1/2


[Site "https://www.chess.com"]

[Event "Titled Tuesday Blitz November 15 Late 2022"]
[White "Mgeladze, Tamaz"]
[Black "Urazayev, Arystanbek"]
[WhiteFideId "13601202"]
[BlackFideId "13709810"]
[WhiteElo "2288"]
[BlackElo "2441"]
[Result "0-1"]
[Round "11"]
[TimeControl "180+1"]
[Date "2022.11.15"]
[WhiteClock "0:00:04"]
[BlackClock "0:00:13"]

1. c4 e6 2. Nf3 d5 3. g3 dxc4 4. Bg2 Nd7 5. O-O Ngf6 6. Qc2 a6 7. Qc3 Nb6 8. a4 a5 9. Na3 Nxa4 10. Qxc4 Nb6 11. Qc2 Bxa3 12. Rxa3 O-O 13. d4 Nbd5 14. e4 Nb4 15. Qb1 b6 16. Bg5 h6 17. Bxf6 Qxf6 18. Ne5 Qd8 19. d5 exd5 20. exd5 Bb7 21. Rd1 Re8 22. Qf5 Qf6 23. Qxf6 gxf6 24. Nd7 Kg7 25. d6 Bxg2 26. Kxg2 Rac8 27. dxc7 Rxc7 28. Nxb6 Rc2 29. Rxa5 Ree2 30. Rf5 Rxb2 31. Nc4 Rbc2 32. Rd4 h5 33. Nd6 Nc6 34. Rdf4 Re6 35. Rxf6 Ne5 36. Rxe6 fxe6 37. Ne8+ Kh6 38. Rf6+ Kh7 39. Rxe6 Nd3 40. Rf6 Ne1+ 41. Kh3 Nd3 42. f4 Nf2+ 43. Kh4 Ne4 44. Rf7+ Kg8 45. Rg7+ Kf8 46. Kxh5 Rxh2+ 47. Kg6 Kxe8 48. g4 Rb2 49. g5 Ng3 50. Rg8+ Ke7 51. Rg7+ Ke6 52. Rg8 Nf5 53. Ra8 Ne7+ 54. Kg7 Kf5 55. Ra7 Re2 56. Kf7 Nc6 57. Rd7 Kxf4 58. Rd6 Ne5+ 59. Kf6 Ng4+ 60. Kf7 Kxg5 61. Rg6+ Kf5 62. Ra6 Ne5+ 63. Ke7 Rh2 64. Rf6+ Ke4 65. Ra6 Rh7+ 66. Kf8 Nd7+ 67. Kg8 Re7 68. Ra5 Ne5 69. Kf8 Rb7 70. Ra1 Kf5 71. Rc1 Ke6 72. Kg8 Nd7 73. Re1+ Ne5 74. Ra1 Rb8+ 75. Kh7 Ng4 76. Re1+ Kf7 0-1


[Site "https://www.chess.com"]

[Event "Titled Tuesday Blitz November 15 Late 2022"]
[White "Mickiewicz, Piotr"]
[Black "Besedes, Danilo"]
[WhiteFideId "1114891"]
[BlackFideId "946796"]
[WhiteElo "2246"]
[BlackElo "2352"]
[Result "1/2-1/2"]
[Round "11"]
[TimeControl "180+1"]
[Date "2022.11.16"]
[WhiteClock "0:00:10"]
[BlackClock "0:00:20"]

1. Nf3 d6 2. e4 e5 3. d4 Nc6 4. Bb5 exd4 5. Nxd4 Bd7 6. Bxc6 bxc6 7. O-O Nf6 8. Nc3 Be7 9. Qf3 O-O 10. Re1 c5 11. Nf5 Bc6 12. Bg5 Re8 13. Rad1 Rb8 14. b3 Kh8 15. Nxe7 Qxe7 16. h3 Qe5 17. Bxf6 Qxf6 18. Qxf6 gxf6 19. f3 Kg7 20. Kf2 a5 21. g4 a4 22. Kg3 axb3 23. axb3 Ra8 24. Ra1 Kg6 25. Kf4 h6 26. h4 Kg7 27. h5 Kf8 28. Kg3 Ke7 29. Kf2 Kd7 30. Ne2 Ke7 31. Ng3 Bd7 32. Ke3 Be6 33. Kd2 Reb8 34. Kc3 Kd7 35. Ra4 Rxa4 36. bxa4 Ra8 37. Ra1 Kc6 38. Nf5 Bxf5 39. exf5 d5 40. a5 Kb7 41. a6+ Ka7 42. Ra5 Kb6 43. Ra1 Ka7 44. Re1 Rf8 45. Re7 Kxa6 46. Rxc7 Kb6 47. Rd7 Kc6 48. Ra7 Kd6 49. f4 Rg8 50. Rxf7 Rxg4 51. Rxf6+ Kd7 52. Rxh6 Rxf4 53. Rf6 Rf3+ 54. Kb2 Rh3 55. h6 d4 56. Rg6 c4 57. Re6 Rh4 58. Rg6 Rh2 59. Kb1 Ke7 60. Ra6 Rh5 61. h7 Kf7 62. Ka2 Kg7 63. Ra7+ Kf6 64. Ka3 d3 65. cxd3 cxd3 66. Kb3 d2 67. Kc2 Rh2 68. Kd1 Kxf5 69. Ra2 Rxh7 70. Rxd2 Ke4 71. Rd8 Ke3 72. Kc2 Rc7+ 73. Kb3 Rc6 74. Kb4 Rc7 75. Kb5 Rc1 76. Kb6 Rc2 77. Kb5 Rc1 78. Kb6 Rc2 79. Kb5 Rc1 1/2-1/2


[Site "https://www.chess.com"]

[Event "Titled Tuesday Blitz November 15 Late 2022"]
[White "Mirzoev, Azer"]
[Black "Milchev, Nikolay"]
[WhiteFideId "13400304"]
[BlackFideId "2906090"]
[WhiteElo "2525"]
[BlackElo "2449"]
[Result "0-1"]
[Round "11"]
[TimeControl "180+1"]
[Date "2022.11.16"]
[WhiteClock "0:00:43"]
[BlackClock "0:00:50"]

1. e4 Nf6 2. Nc3 e5 3. Bc4 Nxe4 4. Qh5 Nd6 5. Bb3 Nc6 6. Nf3 g6 7. Qh3 Bg7 8. d3 h6 9. Bd2 Nf5 10. O-O-O d6 11. g4 Nfd4 12. Nxd4 Nxd4 13. Qg2 c6 14. f4 a5 15. fxe5 dxe5 16. g5 h5 17. Kb1 O-O 18. Rdf1 b5 19. Rxf7 Rxf7 20. Bxf7+ Kxf7 21. Ne4 Bf5 22. Rf1 Kg8 23. Bc3 Qe7 24. b3 b4 25. Bb2 Rf8 26. Re1 Bg4 27. Qg3 Rf3 28. Qg1 Qf8 29. h3 Bxh3 30. Nd2 Rf2 31. Bxd4 exd4 32. Nc4 Rf1 0-1


[Site "https://www.chess.com"]

[Event "Titled Tuesday Blitz November 15 Late 2022"]
[White "Molenda, Marcin"]
[Black "Fernandez De La Vara, Arnaldo"]
[WhiteFideId "1173065"]
[BlackFideId "3518388"]
[WhiteElo "2281"]
[BlackElo "2387"]
[Result "1-0"]
[Round "11"]
[TimeControl "180+1"]
[Date "2022.11.15"]
[WhiteClock "0:01:40"]
[BlackClock "0:00:37"]

1. e4 c5 2. Nf3 e6 3. d4 cxd4 4. Nxd4 a6 5. g3 Nf6 6. Bg2 Nc6 7. O-O Qc7 8. c4 Bc5 9. Nxc6 dxc6 10. Qc2 O-O 11. b3 e5 12. Nc3 b5 13. cxb5 axb5 14. Bg5 Bd4 15. Bxf6 gxf6 16. Nxb5 Qb6 17. Nxd4 exd4 18. Qd2 Kg7 19. Rac1 Ba6 20. Rfd1 Rfd8 21. Qf4 Re8 22. e5 fxe5 23. Qg5+ Kh8 24. Qf6+ Kg8 25. Rxc6 Qa5 26. Be4 Bb7 27. Qg5+ Kf8 28. Qh6+ Ke7 29. Qd6# 1-0


[Site "https://www.chess.com"]

[Event "Titled Tuesday Blitz November 15 Late 2022"]
[White "Nugumanov, Bakhtiyar"]
[Black "Dudzinski, Pawel"]
[WhiteFideId "13701797"]
[BlackFideId "1117890"]
[WhiteElo "2287"]
[BlackElo "2086"]
[Result "1-0"]
[Round "11"]
[TimeControl "180+1"]
[Date "2022.11.16"]
[WhiteClock "0:00:04"]
[BlackClock "0:00:21"]

1. d4 d5 2. c4 c6 3. Nc3 f5 4. Bf4 e6 5. Nf3 Nf6 6. g3 Be7 7. Bg2 O-O 8. O-O Bd7 9. Rc1 Ne4 10. Ne5 Be8 11. f3 Nxc3 12. Rxc3 Bh5 13. Qd2 Bb4 14. g4 Bxc3 15. bxc3 fxg4 16. fxg4 Bg6 17. cxd5 exd5 18. Nxg6 hxg6 19. e4 dxe4 20. Bxe4 Qh4 21. Qe2 Nd7 22. Bxg6 Qf6 23. Qc4+ Kh8 24. Bf5 Nb6 25. Qd3 Kg8 26. Qh3 g6 27. Be5 gxf5 28. Bxf6 Rxf6 29. Rxf5 Raf8 30. Rxf6 Rxf6 31. Qe3 Nd5 32. Qe8+ Kg7 33. c4 Nf4 34. Qd7+ Kg6 35. Qxb7 Ne2+ 36. Kg2 Nxd4 37. Qxa7 Ne2 38. Qa3 Nf4+ 39. Kg3 Ne2+ 40. Kh4 Nd4 41. Qd3+ Nf5+ 42. gxf5+ Kg7 43. Qe4 Kf7 44. Kg5 Rd6 45. Qe5 Rd1 46. Qe6+ Kf8 47. Kf6 Rd7 48. Qxd7 c5 49. Qf7# 1-0


[Site "https://www.chess.com"]

[Event "Titled Tuesday Blitz November 15 Late 2022"]
[White "Palencia Morales, Wilson Guillermo"]
[Black "Prydun, Andriy"]
[WhiteFideId "4401859"]
[BlackFideId "14145898"]
[WhiteElo "2160"]
[BlackElo "2163"]
[Result "0-1"]
[Round "11"]
[TimeControl "180+1"]
[Date "2022.11.16"]
[WhiteClock "0:00:41"]
[BlackClock "0:00:33"]

1. d4 Nf6 2. c4 e6 3. Nf3 b6 4. g3 Bb7 5. Bg2 Be7 6. O-O O-O 7. Nc3 Ne4 8. Qc2 Nxc3 9. Qxc3 d6 10. d5 exd5 11. Nd4 c5 12. Nf5 d4 13. Nxe7+ Qxe7 14. Qd2 Bxg2 15. Kxg2 Nc6 16. Re1 Rfe8 17. b3 Rad8 18. a3 d5 19. cxd5 Rxd5 20. b4 c4 21. e4 Re5 22. f3 f5 23. Qc2 b5 24. Bf4 Re6 25. a4 a6 26. axb5 axb5 27. e5 g5 28. Bd2 Rxe5 29. Rxe5 Qxe5 30. Re1 h6 31. Rxe5 Rxe5 32. f4 Re2+ 33. Kf1 d3 34. Qc3 Kf7 35. Qh8 Rxd2 36. Qh7+ Ke8 37. Qg6+ Kd7 38. Qxf5+ Kc7 39. fxg5 c3 40. Ke1 Re2+ 41. Kf1 c2 42. Qf4+ Kb6 43. g6 d2 44. Kxe2 d1=Q+ 45. Kf2 c1=Q 0-1


[Site "https://www.chess.com"]

[Event "Titled Tuesday Blitz November 15 Late 2022"]
[White "Pino Perez, Lazaro"]
[Black "Harshal, Shahi"]
[WhiteFideId "3517055"]
[BlackFideId "5048257"]
[WhiteElo "2170"]
[BlackElo "2054"]
[Result "1-0"]
[Round "11"]
[TimeControl "180+1"]
[Date "2022.11.16"]
[WhiteClock "0:00:22"]
[BlackClock "0:00:02"]

1. d4 Nf6 2. Bf4 d6 3. Nc3 Nbd7 4. Nf3 g6 5. e4 Bg7 6. Qd2 c6 7. Bh6 Bxh6 8. Qxh6 b5 9. Bd3 b4 10. Nd1 c5 11. e5 dxe5 12. dxe5 Nd5 13. e6 fxe6 14. Bxg6+ hxg6 15. Qxh8+ Nf8 16. O-O Bb7 17. Ne3 Nf4 18. Qe5 Ne2+ 19. Kh1 Bxf3 20. gxf3 1-0


[Site "https://www.chess.com"]